 Dungeon Crawl Stone Soup version 0.18-a0-1789-gbeff17f (webtiles) character file.

176 macross the Skirmisher (level 5, -2/42 HPs)
             Began as a Demonspawn Berserker on Apr 21, 2016.
             Was a Priest of Trog.
             Slain by a gnoll
             ... wielding a +0 halberd
              (4 damage)
             ... on level 3 of the Dungeon.
             The game lasted 00:13:08 (2519 turns).

macross the Skirmisher (Demonspawn Berserker)       Turns: 2519, Time: 00:13:10

Health: -2/42      AC:  7    Str: 17 (19) XL:     5   Next: 30%
Magic:  5/5        EV: 12    Int:  6 (8)  God:    Trog [***...]
Gold:   110        SH:  0    Dex: 12 (14) Spells: 0 memorised, 4 levels left

rFire  + + .     SeeInvis +     a - +0 falchion
rCold  + . .     Gourm    .     n - +0 leather armour
rNeg   . . .     Faith    .     (no shield)
rPois  +         Spirit   .     (no helmet)
rElec  +         Dismiss  .     (no cloak)
rCorr  +         Reflect  .     (no gloves)
SustAt .         Harm     .     (no boots)
MR     .....                    l - amulet of regeneration
Stlth  +.........               s - ring of protection from fire
                                r - ring of see invisible

@: resistant, not resistant to hostile enchantments, very unstealthy
A: iridescent scales 1, agile 1, spiny 1
a: Berserk, Trog's Hand, Burn Spellbooks, Renounce Religion


You were on level 3 of the Dungeon.
You worshipped Trog.
Trog was most pleased with you.
You were full.

You visited 1 branch of the dungeon, and saw 3 of its levels.

You collected 110 gold pieces.

Inventory:

Hand Weapons
 a - a +0 falchion (weapon)
Armour
 b - a +0 animal skin
 e - a +0 robe
 g - a +0 chain mail
 h - a +0 ring mail
 n - a +0 leather armour (worn)
Jewellery
 i - an uncursed ring of teleportation
 l - an amulet of regeneration (around neck)
 p - an uncursed amulet of dismissal
 r - a ring of see invisible (left hand)
 s - a ring of protection from fire (right hand)
Scrolls
 q - a scroll of teleportation
 t - a scroll of amnesia {unknown}
Potions
 f - a potion of resistance
 j - a potion of brilliance {unknown}
 k - a potion of lignification {unknown}
 m - a potion of curing {unknown}


   Skills:
 + Level 4.0 Fighting
 + Level 3.7 Long Blades
 + Level 2.4 Armour
 + Level 2.9 Dodging
 + Level 0.4 Stealth


You had 4 spell levels left.
You didn't know any spells.

Dungeon Overview and Level Annotations

Branches:
Dungeon (3/15)

Altars:
Ashenzari


Innate Abilities, Weirdness & Mutations

You are partially covered in iridescent scales (AC +4).
You are partially covered in sharp spines.
You are agile. (Dex +2)


Message History

The gnoll hits you from afar with a halberd!
You closely miss the orc.
The orc is heavily wounded.
The orc is struck by your spines.
You kill the orc!
Trog accepts your kill.
The gnoll hits you from afar with a halberd!
* * * LOW HITPOINT WARNING * * *
The gnoll hits you from afar with a halberd!
* * * LOW HITPOINT WARNING * * *
It was a potion of degeneration.
There was something very wrong with that liquid.
You feel weakened.
You feel dopey.
You feel clumsy.
It was a potion of mutation.
You feel extremely strange.
You feel agile. The gnoll misses you.
It was a potion of resistance.
You feel protected.
The gnoll hits you from afar with a halberd.
You die...

#####################
#....g).......(g)....
#P...≈≈≈≈≈≈≈≈≈≈)≈≈≈≈≈
#...@≈≈≈≈≈≈≈≈≈≈≈≈≈≈≈≈
#....≈≈#####o≈≈≈≈≈≈≈≈
#....≈≈#.g.#.........
#...P≈≈#...##########
#....≈≈###'#
#....≈≈≈.#..
#..).≈≈≈.# #....≈≈≈.#
#.P..≈≈≈.#


You could see a gnoll.

Vanquished Creatures
  5 gnolls (D:3)
  5 adders
  An ooze (D:2)
  A worm (D:2)
  A dart slug (D:1)
  2 giant geckos
  3 orcs (D:3)
  A ball python (D:3)
  3 giant cockroaches (D:1)
  5 goblins (D:2)
  6 hobgoblins
  16 jackals
  3 kobolds (D:2)
  7 bats
  2 giant newts (D:2)
  3 rats
64 creatures vanquished.

Notes
Turn   | Place    | Note
--------------------------------------------------------------
     0 | D:1      | macross the Demonspawn Berserker began the quest for the Orb.
     0 | D:1      | Reached XP level 1. HP: 18/18 MP: 1/1
   342 | D:1      | Gained mutation: You are partially covered in sharp spines. [demonic ancestry]
   342 | D:1      | Reached XP level 2. HP: 24/24 MP: 2/2
  1021 | D:2      | Gained mutation: You are partially covered in iridescent scales (AC +4). [demonic ancestry]
  1021 | D:2      | Reached XP level 3. HP: 24/29 MP: 3/3
  1063 | D:2      | Reached ** piety under Trog
  1213 | D:2      | Reached XP level 4. HP: 34/35 MP: 4/4
  1229 | D:2      | Found a shattered altar of Ashenzari.
  1321 | D:2      | You fall through a shaft!
  1332 | D:3      | Noticed a centaur
  2129 | D:3      | Reached *** piety under Trog
  2129 | D:3      | Reached skill level 4 in Fighting
  2129 | D:3      | Reached XP level 5. HP: 26/42 MP: 5/5
  2516 | D:3      | HP: 1/42 [gnoll/halberd (10)]
  2518 | D:3      | Gained mutation: You are agile. (Dex +2) [potion of mutation]
  2519 | D:3      | Slain by a gnoll

Vault maps used:
D:1:      dpeg_arrival_stone_temple_mockup
D:2:      ashenzari_conservatory_becter, first_bread,
          minmay_goblin_kobold_house, uniq_robin
D:3:      lemuel_castle_with_subvaults, led_sif_book, kennysheep_pointless_box

Skill      XL: |  1  2  3  4 |
---------------+-------------+-----
Long Blades    | 3 |  3.7
Armour         | 2 |  2.4
Dodging        | 2 |  2.9
Fighting       | 4 |  4.0
Stealth        | |  0.4

Action                   |  1- 3 |  4- 6 || total
-------------------------+-------+-------++-------
Melee: Falchion          |    49 |    50 ||    99
  Use: Scroll            |       |     5 ||     5
       Potion            |       |     3 ||     3
  Eat: Bread ration      |     1 |     2 ||     3
Armor: Chain mail        |     4 |       ||     4
       Ring mail         |     4 |       ||     4
       Leather armour    |     3 |    13 ||    16
Dodge: Dodged            |    31 |    42 ||    73
